 Dungeon Crawl Stone Soup version 0.18.1-8-gdd0e5ea (webtiles) character file.

1351 Raiden350 the Covert (level 8, 0/36 HPs)
             Began as a Spriggan Venom Mage on May 30, 2016.
             Was a Follower of Dithmenos.
             Succumbed to a water moccasin's poison
             ... on level 5 of the Dungeon.
             The game lasted 00:44:30 (7784 turns).

Raiden350 the Covert (Spriggan Venom Mage)          Turns: 7784, Time: 00:44:31

Health: 0/36       AC:  3    Str:  3    XL:     8   Next: 36%
Magic:  6/18       EV: 23    Int: 17    God:    Dithmenos [*.....]
Gold:   170        SH:  0    Dex: 17    Spells: 5 memorised, 4 levels left

rFire  . . .     SeeInvis +     l - +0 dagger
rCold  . . .     Gourm    .     e - +2 robe {rN+}
rNeg   + . .     Faith    .     (shield restricted)
rPois  .         Spirit   .     (helmet restricted)
rElec  .         Dismiss  .     (no cloak)
rCorr  .         Reflect  .     (gloves unavailable)
SustAt .         Harm     .     (boots unavailable)
MR     +....                    (no amulet)
Stlth  +++++.....               (no ring)
                                (no ring)

@: lethally poisoned (0 -> -13), wreathed by umbra, very quick, somewhat
resistant to hostile enchantments, quite stealthy
A: unfitting armour, see invisible, deformed body, herbivore 3, speed 3, slow
metabolism 2, weak 1
a: Renounce Religion


You were on level 5 of the Dungeon.
You worshipped Dithmenos.
Dithmenos was aware of your devotion.
You were full.

You visited 1 branch of the dungeon, and saw 5 of its levels.

You collected 170 gold pieces.

Inventory:

Hand Weapons
 l - a +0 dagger (weapon)
Armour
 a - a +0 robe
 e - a +2 robe of positive energy (worn)
 j - a +0 robe
Scrolls
 d - 5 scrolls of remove curse
 g - 3 scrolls of identify
 k - a scroll of enchant armour {unknown}
Books
 b - a Young Poisoner's Handbook

   Spells                             Type                      Level
   a - Sting                          Conjuration/Poison           1
   b - Cure Poison                    Poison                       2
   c - Mephitic Cloud                 Conjuration/Poison/Air       3
   d - Olgreb's Toxic Radiance        Poison                       4
   e - Venom Bolt                     Conjuration/Poison           5
Comestibles
 m - a bread ration


   Skills:
 + Level 2.0 Short Blades
 - Level 7.5 Dodging
 - Level 8.0 Stealth
 - Level 6.0 Spellcasting
 + Level 7.1 Poison Magic


You had 4 spell levels left.
You knew the following spells:

 Your Spells              Type           Power        Failure   Level  Hunger
a - Sting                 Conj/Pois      ###.         2%          1    None
b - Mephitic Cloud        Conj/Pois/Air  ##......     17%         3    ##.....
c - Olgreb's Toxic Radia  Pois           ####....     10%         4    ####...
d - Cure Poison           Pois           ####......   1%          2    None
e - Venom Bolt            Conj/Pois      ###.......   82%         5    #####..


Dungeon Overview and Level Annotations

Branches:
Dungeon (5/15)
 Temple: D:4-7

Altars:
Cheibriados
Dithmenos
Ru
Sif Muna
Xom


Innate Abilities, Weirdness & Mutations

You are tiny and cannot use many weapons and most armour.
You have supernaturally acute eyesight.
You are a herbivore.
You cover ground extremely quickly.
You need consume almost no food.
Armour fits poorly on your strangely shaped body.
You are weak. (Str -2)


Message History

You feel sick. The water moccasin misses you.
* * * LOW HITPOINT WARNING * * *
You feel sick.
* * * LOW HITPOINT WARNING * * *
You feel sick.
* * * LOW HITPOINT WARNING * * *
You feel sick.
Casting: Cure Poison
Confirm with . or Enter, or press ? or * to list all spells.
You are no longer poisoned.
You aren't carrying any potions.
Read which item? (? for menu, Esc to quit)
As you read the scroll of fog, it crumbles to dust.
The scroll dissolves into smoke.
The water moccasin completely misses you.
You open the door. The water moccasin bites you!
* * * LOW HITPOINT WARNING * * *
You are lethally poisoned!
The water moccasin poisons you!
You die...

#.#
#........$#
#.#
#.#######.#
#.# #.# #§#
#§# #.# #§#
#§# #.#
#####§#
##.#####.#
#..Z#§#
#.<...(..#
#...#S#
##.#######
#..Z#§#
#...
+...@§#
#####
#...###
#... #...
####


You could see a water moccasin, a giant gecko zombie (dormant) and a worker ant
zombie (dormant).

Vanquished Creatures
  Pikel (D:3)
  Edmund (D:4)
  Sigmund (D:2)
  A hound (D:4)
  A slave (D:3)
  An ogre (D:3)
  A scorpion (D:4)
  2 orc wizards
  3 orc priests (D:4)
  Ijyb (D:2)
  Natasha (D:2)
  2 worker ants (D:4)
  7 adders
  An ooze (D:1)
  2 worms (D:3)
  5 dart slugs
  2 giant geckos (D:3)
  11 orcs
  4 ball pythons
  4 giant cockroaches
  2 goblins
  9 hobgoblins
  9 jackals
  5 kobolds
  3 quokkas
  9 bats
  2 giant gecko skeletons (D:4)
  2 giant newts
  8 rats
101 creatures vanquished.

Vanquished Creatures (others)
  2 slaves (D:4)
  An orc priest (D:4)
  An adder (D:4)
  An orc (D:4)
  2 jackals (D:4)
7 creatures vanquished.

Grand Total: 108 creatures vanquished

Notes
Turn   | Place    | Note
--------------------------------------------------------------
     0 | D:1      | Raiden350 the Spriggan Venom Mage began the quest for the Orb.
     0 | D:1      | Reached XP level 1. HP: 9/9 MP: 5/5
   257 | D:1      | Reached XP level 2. HP: 12/13 MP: 2/7
   831 | D:1      | Reached XP level 3. HP: 14/16 MP: 3/9
  1080 | D:1      | You fall through a shaft!
  1085 | D:2      | Found a snail-covered altar of Cheibriados.
  1154 | D:2      | Learned a level 3 spell: Mephitic Cloud
  1364 | D:2      | Noticed Ijyb
  1415 | D:2      | Killed Ijyb
  1415 | D:2      | Reached skill level 5 in Spellcasting
  1415 | D:2      | Reached XP level 4. HP: 18/21 MP: 2/12
  1835 | D:2      | Learned a level 4 spell: Olgreb's Toxic Radiance
  1917 | D:2      | Found a shimmering altar of Xom.
  2067 | D:2      | Found a shadowy altar of Dithmenos.
  2075 | D:2      | Noticed Sigmund
  2252 | D:2      | Found a sacrificial altar of Ru.
  2265 | D:2      | Became a worshipper of Dithmenos the Shadowed
  2322 | D:2      | Noticed Natasha
  3087 | D:3      | Noticed an ogre
  3155 | D:3      | Reached XP level 5. HP: 24/24 MP: 9/14
  3187 | D:3      | Gained mutation: Armour fits poorly on your strangely shaped body. [potion of mutation]
  3187 | D:3      | Gained mutation: You are weak. (Str -2) [potion of mutation]
  3575 | D:3      | Found a faded altar to an unknown god.
  3624 | D:3      | Learned a level 2 spell: Cure Poison
  3980 | D:3      | Lost strength.
  4071 | D:3      | Killed an ogre
  4071 | D:3      | Reached skill level 5 in Poison Magic
  4833 | D:2      | Killed Natasha
  4833 | D:2      | Reached XP level 6. HP: 22/28 MP: 10/16
  4901 | D:2      | Killed Sigmund
  4901 | D:2      | Reached skill level 4 in Stealth
  5039 | D:2      | Learned a level 5 spell: Venom Bolt
  5074 | D:2      | Reached skill level 5 in Stealth
  5161 | D:4      | Noticed a slave
  5161 | D:4      | Noticed a slave
  5163 | D:4      | Noticed Pikel
  5209 | D:4      | Noticed a slave
  5391 | D:3      | Killed a slave
  5724 | D:3      | HP: 1/28 [orc wizard/dagger (6)]
  5739 | D:3      | Reached skill level 5 in Dodging
  5760 | D:3      | Killed Pikel
  5760 | D:3      | Reached skill level 8 in Stealth
  5760 | D:3      | Reached XP level 7. HP: 7/32 MP: 14/17
  6347 | D:4      | Reached * piety under Dithmenos
  6386 | D:4      | Reached XP level 8. HP: 17/36 MP: 8/18
  7129 | D:4      | Noticed Edmund
  7220 | D:4      | Reached skill level 1 in Short Blades
  7400 | D:4      | Found a deep blue altar of Sif Muna.
  7417 | D:4      | Killed Edmund
  7565 | D:5      | Entered Level 5 of the Dungeon
  7783 | D:5      | HP: 1/36 [water moccasin (7)]
  7784 | D:5      | Succumbed to a water moccasin's poison

Skill      XL: |  1  2  3  4  5  6  7  8 |
---------------+-------------------------+-----
Spellcasting   | 3 4 5 6 |  6.0
Poison Magic   | 5 6 7 |  7.1
Dodging        | 7 |  7.5
Stealth        | 8 |  8.0
Short Blades   | 2 |  2.0

Action                   |  1- 3 |  4- 6 |  7- 9 || total
-------------------------+-------+-------+-------++-------
Melee: Unarmed           |    52 |    13 |       ||    65
       Dagger            |       |    67 |   138 ||   205
 Cast: Sting             |    78 |   126 |    54 ||   258
       Mephitic Cloud    |     1 |     7 |     2 ||    10
       Olgreb's Toxic Ra |       |     4 |     2 ||     6
       Cure Poison       |       |     4 |     7 ||    11
  Use: Potion            |     1 |     8 |     3 ||    12
       Scroll            |     1 |       |     8 ||     9
 Stab: Distracted        |       |       |     1 ||     1
       Sleeping          |       |       |     3 ||     3
  Eat: Bread ration      |       |     1 |     1 ||     2
Armor: Robe              |     9 |     2 |     4 ||    15
Dodge: Dodged            |   114 |    90 |   164 ||   368
